woodfighter, chaotic male sylph Ranger - --.. ..<.. ..%...--........ -.%..........I^. --.%............ --%...^ ....--- ...)-- ...[.| ..)..| ...--- .-- woodfighter the Reconnoiterer Experience level: 10 Strength: 14 Dexterity: 15 Constitution: 16 Intelligence: 14 Wisdom: 13 Charisma: 6 Health: 0(81) Energy: 59(59) Def: 5 Gold: 0 Moves: 11272 Dungeon seed: 0-ywScaOyj4NHtsl Game ID: woodfighter_1472155620 Your Inventory: Amulets C - an uncursed amulet of flying (being worn) Weapons a - a +2 bow (weapon in hand) b - 41 blessed +2 arrows (in quiver) c - 35 +0 arrows M - 13 +0 darts W - a +0 bow Y - 10 blessed +1 crossbow bolts Armor e - an uncursed +0 dwarvish cloak n - a blessed +1 Hawaiian shirt (being worn) q - an uncursed +0 dwarvish cloak z - a blessed +2 dwarvish cloak (being worn) Comestibles h - an uncursed mango J - an uncursed clove of garlic K - 6 uncursed food rations T - 2 uncursed sprigs of wolfsbane Z - an uncursed lizard corpse Potions V - an uncursed potion of healing Rings A - an uncursed ring of teleport control F - an uncursed ring of cold resistance (on left hand) Wands l - a wand of magic missile (0:4) o - a blessed wand of digging (0:5) u - a wand of teleportation (0:8) Tools d - a +0 unicorn horn f - 4 uncursed tallow candles (0:200) g - 3 uncursed wax candles (0:400) s - an uncursed sack w - an uncursed towel y - an uncursed skeleton key Contents of the sack: 3226 gold pieces an uncursed amulet of magical breathing 72 +0 arrows 6 cursed +0 arrows a +0 axe a +0 bow 7 cursed -4 crossbow bolts a blessed +1 dwarvish cloak a blessed +0 dwarvish cloak an uncursed +0 dwarvish cloak an uncursed +0 dwarvish cloak an uncursed +0 dwarvish cloak an uncursed +0 dwarvish cloak an uncursed +0 dwarvish cloak an uncursed +0 dwarvish cloak an uncursed +0 dwarvish cloak an uncursed +0 mummy wrapping a cursed +1 pair of leather gloves a blessed scroll of blank paper a cursed scroll of blank paper an uncursed scroll of gold detection a cursed scroll of punishment an uncursed scroll of scare monster a blessed potion of blindness an uncursed potion of extra healing an uncursed potion of full healing an uncursed potion of levitation an uncursed potion of sickness an uncursed ring of conflict a +0 pick-axe a +0 unicorn horn Spells and supernatural/magical abilities: Name Level Category Fail Memory W - pray for help -- divine ? -- Your skills at the end: Miscellaneous Skills wands [Basic] Weapon Skills dagger [Basic] bow [Expert] Spellcasting Skills Final Attributes: You were piously aligned. You were cold resistant. You saw invisible. You had automatic searching. You had infravision. You were displaced. You were stealthy. You could fly. You were protected. You were protected from shape changers. You were fast. You are dead. Vanquished creatures: a jabberwock a ghost 2 giant mimics an earth elemental a warhorse an ettin mummy a pyrolisk a large cat a tengu an ochre jelly 2 crocodiles an elf mummy a python a leather golem a cockatrice 2 wolves 2 lynxes a panther 5 leprechauns 2 spotted jellies a lizard a mountain nymph 3 giant spiders a vampire bat a forest centaur a gnome king 2 dwarf mummies an owlbear a yeti 2 werewolves a dog 2 housecats 2 dwarf lords a blue jelly a water nymph 3 gray unicorns a dust vortex a raven a snake an ape 3 human zombies a rope golem 2 bugbears 2 baby crocodiles a wood nymph a rock mole 2 rock piercers 2 ponies 2 yellow lights 2 violet fungi 14 gnome lords 4 gnomish wizards a kobold mummy 3 red naga hatchlings a guardian naga hatchling 4 gray oozes a barrow wight 6 elf zombies 2 straw golems 2 paper golems 2 floating eyes a kitten 20 dwarves a kobold lord 2 kobold shamans 5 iguanas 3 centipedes a giant bat 2 monkeys 5 orc zombies a dwarf zombie 2 werejackals 7 killer bees 17 coyotes 3 gas spores 5 hobbits 4 acid blobs a large kobold 4 geckos 3 hobgoblins 3 giant rats 2 cave spiders 2 brown molds 3 yellow molds a green mold 4 red molds 56 gnomes 5 garter snakes 7 manes 2 gnome zombies 5 jackals 3 foxes a kobold 7 newts a goblin a sewer rat 12 grid bugs 3 bats 7 lichens 327 creatures vanquished. Voluntary challenges: You followed a strict vegan diet. You used a wielded weapon 16 times, starting on turn 92. You did not apply a unicorn horn. You read items or engraved 6 times, starting on turn 9796. You never genocided any monsters. You never polymorphed an object. You never changed form. You cheated 1 time but completed Sokoban on turn 6980. You used no wishes. You never split a pudding. You never wrote Elbereth's name. You never violated your personal moral code. Dungeon overview: The Dungeons of Doom: levels 1 to 10 Level 1 (locked box) a fountain, a sink a long staircase Level 2 an altar to Mercury stairs to The Gnomish Mines Level 3 a fountain Level 4 (locked box) Level 5 a delicatessen, a fountain Level 6 Level 7 (locked box, throne) a fountain, a throne Level 8 a fountain, a sink, a throne Level 9 many fountains Level 10 stairs to Sokoban The Gnomish Mines: levels 3 to 10 Level 3 stairs to The Dungeons of Doom Level 4 Level 5 (bones) Level 6 many shops, a temple to Venus, a magic chest, some fountains, some trees Level 7 Level 8 Level 9 Level 10 <- You were here Sokoban: levels 6 to 9 Level 6 a magic chest Level 7 Level 8 Level 9 a magic chest stairs to The Dungeons of Doom History has recorded: On T:1 you entered the Dungeons of Doom to retrieve the Amulet of Yendor! On T:479 you reached level 2 of The Dungeons of Doom. On T:517 you reached level 1 of The Gnomish Mines. On T:593 you advanced to experience level 2. On T:627 you reached level 3 of The Dungeons of Doom. On T:1000 you reached level 4 of The Dungeons of Doom. On T:1080 you advanced to experience level 3. On T:1770 you reached level 5 of The Dungeons of Doom. On T:1968 you reached level 6 of The Dungeons of Doom. On T:2120 you advanced to experience level 4. On T:2466 you reached level 7 of The Dungeons of Doom. On T:2584 you advanced to experience level 5. On T:2970 you reached level 8 of The Dungeons of Doom. On T:3054 you advanced to experience level 6. On T:3495 you reached level 9 of The Dungeons of Doom. On T:3757 you advanced to experience level 7. On T:3960 you reached level 10 of The Dungeons of Doom. On T:3989 you reached level 4 of Sokoban. On T:4079 you opened a magic chest. On T:4080 you opened a magic chest. On T:4081 you opened a magic chest. On T:4465 you opened a magic chest. On T:4483 you reached level 3 of Sokoban. On T:5066 you reached level 2 of Sokoban. On T:5136 you advanced to experience level 8. On T:5894 you reached level 1 of Sokoban. On T:6980 you entered the Sokoban zoo. On T:7126 you opened a magic chest. On T:7253 you opened a magic chest. On T:8172 you reached level 2 of The Gnomish Mines. On T:8461 you advanced to experience level 9. On T:8659 you reached level 3 of The Gnomish Mines. On T:8819 you reached level 4 of The Gnomish Mines. On T:8906 you reached level 5 of The Gnomish Mines. On T:8934 you entered the Minetown temple On T:8948 you opened a magic chest. On T:9138 you opened a magic chest. On T:9168 you opened a magic chest. On T:9170 you opened a magic chest. On T:9731 you opened a magic chest. On T:9733 you opened a magic chest. On T:9734 you opened a magic chest. On T:9743 you opened a magic chest. On T:9744 you opened a magic chest. On T:9750 you opened a magic chest. On T:9751 you opened a magic chest. On T:9770 you opened a magic chest. On T:9771 you opened a magic chest. On T:9775 you opened a magic chest. On T:9794 you opened a magic chest. On T:9795 you opened a magic chest. On T:9802 you opened a magic chest. On T:9803 you opened a magic chest. On T:9819 you opened a magic chest. On T:9820 you opened a magic chest. On T:9821 you opened a magic chest. On T:9863 you opened a magic chest. On T:9864 you opened a magic chest. On T:9865 you opened a magic chest. On T:10097 you opened a magic chest. On T:10340 you reached level 6 of The Gnomish Mines. On T:10584 you reached level 7 of The Gnomish Mines. On T:11134 you reached level 8 of The Gnomish Mines. Score breakdown: Gold: 3226 ( 322 points) Experience: 10 levels ( 900 points) Exploration: 10 levels ( 270 points) Discoveries: 11 items ( 550 points) Variety of kills: 99 monsters ( 2000 points) Major goal: finished Sokoban ( 1000 points) Survival: died (score multiplied by 3) Total score: 15126 Latest messages: You shoot 2 arrows. The 1st arrow hits the dust vortex! The 2nd arrow hits the dust vortex! You shoot 2 arrows. The 1st arrow hits the dust vortex! The 2nd arrow hits the dust vortex! You destroy the dust vortex! You can see again. You have a little trouble lifting b - 4 blessed +2 arrows (in quiver). The black dragon picks up 2 yellow gems. You have a little trouble lifting b - 4 blessed +2 arrows (in quiver). You see here a mango. You have a little trouble lifting h - a mango. You step onto a polymorph trap! You feel a change coming over you. You feel like a new sylph! A cloud of gas puts you to sleep! Something bites! Something claws you! (2x) Something bites! Something claws you! (2x) Something bites! Something claws you! (2x) Something bites! Something claws you! (2x) You die... Final status: Goodbye woodfighter the Ranger, killed by a black dragon, while sleeping... You died in The Gnomish Mines on dungeon level 10 with 15126 points, and 3226 pieces of gold, after 11272 moves. You were level 10 with a maximum of 81 hit points when you died.